 Dungeon Crawl Stone Soup version 0.30-a0-778-g2ef04afb54 (webtiles) character file.

Game seed: 13293248946591363107

151 kae the Digger (level 5, -2/28 HPs)
             Began as a Gargoyle Earth Elementalist on Feb 15, 2023.
             Slain by an orc priest
             ... wielding a +0 mace
              (4 damage)
             ... on level 2 of the Dungeon.
             The game lasted 00:02:29 (1783 turns).

kae the Digger (Gargoyle Earth Elementalist)        Turns: 1783, Time: 00:02:30

Health: -2/28      AC:  6    Str: 12    XL:     5   Next: 33%
Magic:  4/9        EV: 11    Int: 17    God:
Gold:   35         SH:  0    Dex: 10    Spells: 4/10 levels left

rFire   . . .      SeeInvis .    d - +0 spear
rCold   . . .      Faith    .    (no shield)
rNeg    + . .      Spirit   .    a - +0 robe
rPois   ∞          Reflect  .    (no helmet)
rElec   +          Harm     .    (no cloak)
rCorr   .          Rampage  .    (no gloves)
Will    .....                    (no boots)
Stlth   ++                       (no amulet)
HPRegen 0.24/turn                (no ring)
MPRegen 0.11/turn                (no ring)

@: no status effects
A: sickness immunity, AC +4, negative energy resistance 1, electricity
resistance, torment resistance 1, petrification resistance
a: no special abilities


You were on level 2 of the Dungeon.
You visited 1 branch of the dungeon, and saw 2 of its levels.

You collected 35 gold pieces.


Innate Abilities, Weirdness & Mutations

You are immune to sickness and miasma.
Your stone body is resilient. (AC +4)
You are immune to poison.
You resist negative energy. (rN+)
You are resistant to electric shocks. (rElec)
You are resistant to unholy torment.
You are immune to petrification.


   Skills:
 - Level 1.5 Dodging
 - Level 2.1 Stealth
 + Level 3.2 Spellcasting
 * Level 2.8 Conjurations
 - Level 0.7 Transmutations
 + Level 5.0 Earth Magic


You had 4 spell levels left.
You knew the following spells:

 Your Spells              Type           Power      Damage    Failure   Level
a - Sandblast             Erth           40%        2d10      2%          1
b - Stone Arrow           Conj/Erth      32%        3d9       10%         3
c - Passwall              Tmut/Erth      10%        N/A       8%          2

Your spell library contained the following spells:

 Spells                   Type           Power      Damage    Failure   Level
 Wereblood                Tmut           5%         N/A       19%         2
 Petrify                  Tmut/Erth      12%        N/A       45%         4
 Summon Hydra             Summ           1%         N/A       100%        7
 Sublimation of Blood     Necr           Unusable   N/A       N/A         2

Inventory:

Hand Weapons
 d - a +0 spear (weapon)
   (You found it on level 1 of the Dungeon)
Missiles
 j - 14 stones
Armour
 a - a +0 robe (worn)
Scrolls
 f - a scroll of fog {unknown}
 h - 4 scrolls of identify {@r1}
 i - a scroll of silence {unknown}
Potions
 b - a potion of magic
 c - a potion of might
 g - a potion of flight

Dungeon Overview and Level Annotations

Branches:
Dungeon (2/15) Zot: 10170

Altars:

Shops:
D:1

? ## #.
#################.
#.gw..............
#@#######.........
#o# #.#######.
###r#######.#.....#.
#...o......#.#.###.#.
#..........#.#.###.#.
#..........#.#<..#.#.
+##
#..........#.#####.#.
..#
#..........#.......#.
#.#
#..........#########.


You could see 2 orc priests, a rat, a friendly worm (summoned, wandering) and a
friendly goblin (summoned).


Message History

a +0 dagger; a +0 robe of resistance
Casting: Sandblast (safe; 2% risk of failure)
Confirm with . or Enter, or press ? or * to list all spells.
You can't see any susceptible monsters within range! (Use Z to cast anyway.)
An orc is nearby!
Casting: Sandblast (safe; 2% risk of failure)
Confirm with . or Enter, or press ? or * to list all spells.
You can't see any susceptible monsters within range! (Use Z to cast anyway.) 😎 MP[+2]
Your mp is fully restored (9).
An orc is nearby!
An orc is nearby! 2 orc priests come into view.
The orc shouts!
The orc priest shouts!
Casting: Sandblast (safe; 2% risk of failure)
Confirm with . or Enter, or press ? or * to list all spells.
Aiming: Sandblast (safe; 2% risk of failure)
Press: ? - help, Shift-Dir - straight line, f - orc
Aim: an orc, wielding a +1 short sword of protection (83% to hit)
The blast of sand hits the orc.
The orc priest shouts!
A rat comes into view.
The orc priest begins to cast a cantrip, but forgets the words! 😎 MP[-1]
You lost 1 mp, and now have 8/9 mp.
Casting: Sandblast (safe; 2% risk of failure)
Confirm with . or Enter, or press ? or * to list all spells.
Aiming: Sandblast (safe; 2% risk of failure)
Press: ? - help, Shift-Dir - straight line, f/p - orc
Aim: an orc, wielding a +1 short sword of protection (severely wounded, 83% to hit)
The blast of sand hits the orc.
You kill the orc! 😎 MP[-1]
You lost 1 mp, and now have 7/9 mp.
Casting: Sandblast (safe; 2% risk of failure)
Confirm with . or Enter, or press ? or * to list all spells.
Aiming: Sandblast (safe; 2% risk of failure)
Press: ? - help, Shift-Dir - straight line, f - orc priest
Aim: an orc priest, wielding a +0 mace and wearing a +0 ring mail (85% to hit)
The blast of sand hits the orc priest!
The orc priest calls upon Beogh to heal the orc priest.
The orc priest is healed somewhat. 😎 MP[-1]
You lost 1 mp, and now have 6/9 mp.
Casting: Sandblast (safe; 2% risk of failure)
Confirm with . or Enter, or press ? or * to list all spells.
Aiming: Sandblast (safe; 2% risk of failure)
Press: ? - help, Shift-Dir - straight line, f/p - orc priest
Aim: an orc priest, wielding a +0 mace and wearing a +0 ring mail (moderately wounded, 85% to hit)
The blast of sand hits the orc priest but does no damage.
The orc priest barely misses you.
The orc priest calls down the wrath of Beogh upon you.
Beogh smites you! The orc priest hits you with a +0 mace.
* * * LOW HITPOINT WARNING * * *
😨 HP[-15] MP[-1]
You take 15 damage, and now have 13/28 hp.
MASSIVE DAMAGE!! (PAUSE)
You lost 1 mp, and now have 5/9 mp.
Casting: Sandblast (safe; 2% risk of failure)
Confirm with . or Enter, or press ? or * to list all spells.
Aiming: Sandblast (safe; 2% risk of failure)
Press: ? - help, Shift-Dir - straight line, f/p - orc priest
Aim: an orc priest, wielding a +0 mace and wearing a +0 ring mail (moderately wounded, 85% to hit)
The blast of sand hits the orc priest!
The orc priest hits you with a +0 mace!
* * * LOW HITPOINT WARNING * * *
The orc priest calls upon Beogh to heal the orc priest.
The orc priest is healed somewhat. 😱 HP[-7] MP[-1]
You take 7 damage, and now have 6/28 hp.
MASSIVE DAMAGE!! (PAUSE)
You lost 1 mp, and now have 4/9 mp.
Casting: Sandblast (safe; 2% risk of failure)
Confirm with . or Enter, or press ? or * to list all spells.
Aiming: Sandblast (safe; 2% risk of failure)
Press: ? - help, Shift-Dir - straight line, f/p - orc priest
Aim: an orc priest, wielding a +0 mace and wearing a +0 ring mail (heavily wounded, 85% to hit)
The blast of sand hits the orc priest.
The orc priest mumbles some strange prayers to Beogh against you.
Pain shoots through your body!
* * * LOW HITPOINT WARNING * * *
The orc priest closely misses you. 😱 HP[-5] MP[-1]
You take 5 damage, and now have 1/28 hp.
You lost 1 mp, and now have 3/9 mp.
It was a potion of haste.
You feel yourself speed up.
The orc priest hits you but does no damage. 😱 MP[+1] It was a potion of cancellation.
Your magical effects are unravelling.
You feel magically purged.
You feel yourself slow down.
Unknown command.
Okay, then.
Okay, then.
The orc priest calls upon Beogh to heal the orc priest.
The orc priest is healed somewhat.
Unknown command.
As you read the scroll of summoning, it crumbles to dust.
Wisps of shadow whirl around you... The orc priest hits you with a +0 mace.
You die...

Skill      XL: |  1  2  3  4  5 |
---------------+----------------+-----
Earth Magic    | 4 5 |  5.0
Conjurations   | 1 2 |  2.8
Spellcasting   | 3 |  3.2
Dodging        | |  1.5
Stealth        | |  2.1
Transmutations | |  0.7

Action                     |  1- 3 |  4- 6 || total
---------------------------+-------+-------++-------
  Melee: Spear             |    32 |     2 ||    34
   Cast: Sandblast         |    55 |    31 ||    86
    Use: Scroll            |     5 |     1 ||     6
         Potion            |       |     2 ||     2
   Stab: Sleeping          |     2 |       ||     2
 Armour: Robe              |    18 |     3 ||    21
  Dodge: Dodged            |    21 |     5 ||    26

Levels and vault maps discovered:
D:1:      minmay_arrival_arboretum_small, layout_loops_ring,
          hellmonk_ecumenical_altar_heavens_door, nicolae_nh_oracle_at_delphi
D:2:      layout_basic

Notes
Turn   | Place    | Note
-------+----------+-------------------------------------------
     0 | D:1      | kae the Gargoyle Earth Elementalist began the quest for the
                  | Orb.
     0 | D:1      | Reached XP level 1. HP: 10/10 MP: 3/3
     0 | D:1      | magus.rc [v1.11.3]
   112 | D:1      | Reached skill level 4 in Earth Magic
   112 | D:1      | Reached XP level 2. HP: 15/15 MP: 0/5
   134 | D:1      | HP: 2/15 [hobgoblin (3)]
   279 | D:1      | Found a faded altar of an unknown god.
   429 | D:1      | Reached XP level 3. HP: 15/19 MP: 2/6
   437 | D:1      | Learned a level 3 spell: Stone Arrow
   440 | D:1      | Learned a level 2 spell: Passwall
   850 | D:1      | You pick up a book of Blood and begin reading...
   850 | D:1      | You add the spells Wereblood and Summon Hydra to your
                  | library.
   864 | D:1      | Found The Oracle's Delphic Readings.
  1018 | D:2      | Reached skill level 1 in Conjurations
  1314 | D:2      | Reached XP level 4. HP: 24/24 MP: 6/8
  1375 | D:2      | Reached skill level 3 in Spellcasting
  1490 | D:2      | Reached skill level 2 in Conjurations
  1567 | D:2      | Reached XP level 5. HP: 17/28 MP: 3/9
  1744 | D:2      | Reached skill level 5 in Earth Magic
  1778 | D:2      | HP: 6/28 [orc priest/+0 mace (7)]
  1779 | D:2      | HP: 1/28 [orc priest/nerve-wracking pain (6)]
  1783 | D:2      | Slain by an orc priest

Vanquished Creatures
  An orc wizard (D:2)
  5 gnolls (D:2)
  An adder (D:2)
  2 dart slugs
  2 orcs (D:2)
  6 endoplasms
  3 giant cockroaches (D:1)
  3 goblins (D:1)
  6 hobgoblins
  7 jackals
  3 quokkas
  6 ball pythons
  6 bats
  3 frilled lizards
  2 kobolds (D:1)
  5 rats
61 creatures vanquished.

Table legend:
 A = Non-vault XP
 B = Vault XP
 C = Vault XP percentage of total XP
 D = Non-vault monster count
 E = Vault monster count
 F = Vault count percentage of total count
                 A         B        C        D         E       F
            +---------+---------+-------+---------+---------+-------
      Total |     213 |       4 |   1.8 |      59 |       2 |   3.3
            +---------+---------+-------+---------+---------+-------
        D:1 |      50 |       4 |   7.4 |      29 |       2 |   6.5
        D:2 |     163 |       0 |   0.0 |      30 |       0 |   0.0
            +---------+---------+-------+---------+---------+-------

Illustrated notes

Table legend:
 A = Kills in this place as a percentage of kills in entire the game.
 B = Kills by you in this place as a percentage of kills by you in the entire game.
 C = Kills by friends in this place as a percentage of kills by friends in the entire game.
 D = Other kills in this place as a percentage of other kills in the entire game.
 E = Experience gained in this place as a percentage of experience gained in the entire game.
 F = Experience gained in this place divided by the number of levels of this place that you have seen.
                   A       B       C       D       E      F
               +-------+-------+-------+-------+-------+----------------------
         Total | 100.0 | 100.0 |   N/A |   N/A | 100.0 | 108.5
       Dungeon | 100.0 | 100.0 |   N/A |   N/A | 100.0 | 108.5
               +-------+-------+-------+-------+-------+----------------------

Table legend: (Time is in decaauts)
 A = Elapsed time spent in this place.
 B = Non-inter-level travel time spent in this place.
 C = Inter-level travel time spent in this place.
 D = Time resting spent in this place.
 E = Time spent auto-exploring this place.
 F = Levels seen in this place.
 G = Mean time per level.
                   A        B        C        D        E       F      G
               +--------+--------+--------+--------+--------+-----+--------+
         Total |   1828 |   1782 |     46 |     25 |   1366 |   2 |  914.0 |
       Dungeon |   1828 |   1782 |     46 |     25 |   1366 |   2 |  914.0 |
               +--------+--------+--------+--------+--------+-----+--------+

Top non-repeatable levels by time:
     D:1: 970 daAuts
     D:2: 857 daAuts
